 Dungeon Crawl Stone Soup version 0.30-a0-137-gd8773701ce (webtiles) character file.

Game seed: 3121565723751947883

4014 funkygono the Thaumaturge (level 10, -4/67 HPs)
             Began as a Demonspawn Fire Elementalist on Sept 21, 2022.
             Was a Follower of Vehumet.
             Slain by a boulder beetle (25 damage)
             ... on level 8 of the Dungeon.
             The game lasted 00:19:25 (9062 turns).

funkygono the Thaumaturge (DsFE)                    Turns: 9062, Time: 00:19:25

Health: -4/67      AC: 17    Str:  9    XL:     10   Next: 3%
Magic:  0/22       EV: 14    Int: 21    God:    Vehumet [*.....]
Gold:   519        SH:  0    Dex: 19    Spells: 12/25 levels left

rFire   . . .      SeeInvis .    a - +2 quarterstaff (chaos)
rCold   . . .      Faith    .    (shield currently unavailable)
rNeg    . . .      Spirit   +    F - +0 steam dragon scales
rPois   .          Reflect  .    e - +1 hat
rElec   .          Harm     .    r - +1 cloak
rCorr   +          Rampage  .    i - +0 pair of gloves
Will    .....                    n - +0 pair of boots
Stlth   ++........               d - amulet of the Dragon {Acrobat rCorr Slay+5}
HPRegen 0.21/turn                o - +4 ring of protection
MPRegen 0.36/turn                q - +6 ring of dexterity

@: no status effects
A: molten scales 2, foul stench 2, magic shield, magic regeneration, magic link,
weakness stinger 1
a: Renounce Religion


You were on level 8 of the Dungeon.
You worshipped Vehumet.
Vehumet was aware of your devotion.
You visited 2 branches of the dungeon, and saw 9 of its levels.
You also visited: Ossuary.

You collected 519 gold pieces.

Inventory:

Hand Weapons
 a - a +2 quarterstaff of chaos (weapon)
 c - a +2 whip of freezing
 j - a +2 dagger
 l - a +4 dagger of pain
 D - a +2 dagger of protection
Missiles
 B - a throwing net
Armour
 e - a +1 hat (worn)
 i - a +0 pair of gloves (worn)
 m - a +0 helmet
 n - a +0 pair of boots (worn)
 p - the +1 robe of Dim Light {Rampage rCorr Stlth+}
   (You took it off an orc on level 3 of the Dungeon)

   rCorr:     It protects you from acid and corrosion.
   Rampage:   It bestows one free step when moving towards enemies.
   Stlth:     It makes you more stealthy.
 r - a +1 cloak (worn)
 F - +0 steam dragon scales (worn)
Jewellery
 d - the amulet of the Dragon (around neck) {Acrobat rCorr Slay+5}
   (You acquired it on level 2 of the Dungeon)

   [amulet of the acrobat]

   It increases your evasion while moving and waiting.
   Slay:      It affects your accuracy & damage with ranged weapons and melee
   (+5).
   rCorr:     It protects you from acid and corrosion.
 o - a +4 ring of protection (left hand)
 q - a +6 ring of dexterity (right hand)
 A - an amulet of the acrobat
 C - a ring of ice
Wands
 k - a wand of iceblast (9)
Scrolls
 f - a scroll of identify
 h - 3 scrolls of teleportation
 s - a scroll of enchant weapon
 y - a scroll of silence
 G - 2 scrolls of butterflies
Potions
 b - 3 potions of magic
 g - 3 potions of invisibility
 t - a potion of cancellation
 u - 4 potions of curing
 v - a potion of might
 w - a potion of heal wounds
 x - a potion of brilliance
 z - a potion of attraction
 E - a potion of mutation


   Skills:
 + Level 1.7 Fighting
 + Level 0.2 Short Blades
 + Level 3.1 Staves
 + Level 3.5 Dodging
 - Level 1.7 Stealth
 + Level 8.1 Spellcasting
 + Level 6.0 Conjurations
 + Level 8.1 Fire Magic


You had 12 spell levels left.
You knew the following spells:

 Your Spells              Type           Power      Damage    Failure   Level
a - Foxfire               Conj/Fire      100%       2x1d9     1%          1
b - Scorch                Fire           84%        2d9       1%          2
c - Kindle Blastsparks    Fire/Tloc/Air  38%        2d13      8%          3
d - Flame Wave            Conj/Fire      38%        2d10      4%          4
e - Blink                 Tloc           16%        N/A       12%         2
f - Sandblast             Erth           16%        2d6       8%          1

Your spell library contained the following spells:

 Spells                   Type           Power      Damage    Failure   Level
 Inner Flame              Hex/Fire       25%        N/A       4%          3
 Dazzling Flash           Conj/Hex       42%        N/A       7%          3
 Ensorcelled Hibernation  Hex/Ice        16%        N/A       12%         2
 Iskenderun's Battlesphe  Conj           34%        2d9       19%         5
 Iskenderun's Mystic Bla  Conj/Tloc      21%        2d6       22%         4
 Lesser Beckoning         Tloc           8%         N/A       24%         3
 Spider Form              Tmut/Pois      8%         N/A       24%         3
 Arcjolt                  Conj/Air       10%        1d20      54%         5
 Starburst                Conj/Fire      19%        6d7       54%         6
 Anguish                  Hex/Necr       4%         N/A       61%         4
 Manifold Assault         Tloc           8%         N/A       61%         4
 Iron Shot                Conj/Erth      10%        9d3       98%         6
 Spellforged Servitor     Conj/Summ      10%        N/A       100%        7


Dungeon Overview and Level Annotations

Branches:
Dungeon (8/15)             Temple (1/1) D:4         Ossuary (visited)
   Lair: D:8-11

Altars:
Ashenzari
Cheibriados
Dithmenos
Fedhas
Gozag
Hepliaklqana
Kikubaaqudgha
Makhleb
Nemelex Xobeh
Qazlal
Ru
Sif Muna
Trog
Uskayaw
Vehumet
Wu Jian
Xom
Yredelemnul


Innate Abilities, Weirdness & Mutations

You are mostly covered in molten scales. (AC +3)
You sometimes emit foul miasma when damaged in melee.
When hurt, damage is shared between your health and your magic reserves.
You regenerate magic rapidly.
When low on magic, you restore magic in place of health.
You have a small tail.


Message History

Casting: Foxfire (safe; 1% risk of failure)
Confirm with . or Enter, or press ? or * to list all spells.
You conjure some foxfire!
The foxfire hits the boulder beetle.
The boulder beetle is lightly wounded.
The foxfire hits the boulder beetle.
The boulder beetle is lightly wounded.
Casting: Foxfire (safe; 1% risk of failure)
Confirm with . or Enter, or press ? or * to list all spells.
You can't see any susceptible monsters within range! (Use Z to cast anyway.)
The foxfire hits the boulder beetle but does no damage.
The boulder beetle is lightly wounded.
Casting: Foxfire (safe; 1% risk of failure)
Confirm with . or Enter, or press ? or * to list all spells.
You don't know that spell.
The boulder beetle curls into a ball and begins rolling!
Casting: Foxfire (safe; 1% risk of failure)
Confirm with . or Enter, or press ? or * to list all spells.
You can't see any susceptible monsters within range! (Use Z to cast anyway.) Unknown command.
Casting: Foxfire (safe; 1% risk of failure)
Confirm with . or Enter, or press ? or * to list all spells.
Flames lash the boulder beetle.
The boulder beetle is moderately wounded.
The boulder beetle's fire resistance burns away.
The boulder beetle hits you!!!
Ouch! That really hurt!
You emit a cloud of foul miasma!
The boulder beetle stops rolling and uncurls.
You hit the boulder beetle but do no damage.
The boulder beetle seems to grow stronger.
You tail-slap the boulder beetle, but do no damage.
The boulder beetle is moderately wounded.
The boulder beetle is engulfed in dark miasma.
The boulder beetle is poisoned.
The boulder beetle completely misses you.
You hit the boulder beetle.
The boulder beetle flickers and vanishes!
Deactivating autopickup; reactivate with Ctrl-A.
Something bites you!!
You die...

. ### . ...####
.# #.#.. #.#
.... ...#..
###.###.##......
........<.......
##.###..######.
#.@.# #.{.#
###.###)..###.#
#....§))).......
#...###.#†.>..##
#. #†#.....#
#.#.....#
#.#.....#
..§..>v.#


There were no monsters in sight!

Vanquished Creatures
  Pikel (D:4)
  A steam dragon (D:8)
  Edmund (D:5)
  A water moccasin (D:7)
  A sky beast (D:6)
  2 orc warriors
  3 ice beasts
  4 ogres
  3 centaurs
  A phantom (D:5)
  A lemure (D:4)
  4 bullfrogs
  Blork the orc (D:6)
  A scorpion (D:4)
  3 necrophages
  5 killer bees (D:6)
  A howler monkey (D:6)
  9 hounds
  A jelly (D:4)
  4 orc priests
  Crazy Yiuf (D:3)
  A gnoll bouda (D:7)
  4 iguanas
  7 orc wizards
  8 mummies (Ossuary)
  Robin (D:3)
  15 gnolls
  4 adders
  A shadow imp (D:6)
  2 white imps
  An ufetubus (D:6)
  2 worms
  4 dart slugs
  23 orcs
  6 bats
  5 endoplasms
  2 giant cockroaches
  17 goblins
  5 hobgoblins
  3 jackals (D:2)
  3 quokkas
  6 ball pythons
  A frilled lizard (D:1)
  4 hobgoblin zombies (Ossuary)
  3 kobolds
  2 kobold zombies (Ossuary)
  2 orc zombies (Ossuary)
  5 rats
186 creatures vanquished.

Vanquished Creatures (others)
  644 foxfires
  5 fungi (D:7)
  11 plants
660 creatures vanquished.

Grand Total: 846 creatures vanquished

Notes
Turn   | Place    | Note
-------+----------+-------------------------------------------
     0 | D:1      | funkygono the Demonspawn Fire Elementalist began the quest
                  | for the Orb.
     0 | D:1      | Reached XP level 1. HP: 13/13 MP: 3/3
   407 | D:1      | Found a faded altar of an unknown god.
   552 | D:1      | Gained mutation: You have a small tail. [demonic ancestry]
   552 | D:1      | Reached XP level 2. HP: 19/19 MP: 3/5
  1629 | D:2      | Reached XP level 3. HP: 24/24 MP: 0/6
  1632 | D:2      | Learned a level 2 spell: Scorch
  1636 | D:2      | Learned a level 3 spell: Kindle Blastsparks
  2422 | D:2      | Identified a scroll of acquirement
  2422 | D:2      | Acquired the amulet of the Dragon {Acrobat rCorr Slay+5}
  2667 | D:3      | Noticed Robin
  2784 | D:2      | Gained mutation: You may rarely emit foul miasma when
                  | damaged in melee. [demonic ancestry]
  2784 | D:2      | Reached XP level 4. HP: 30/30 MP: 3/7
  2935 | D:3      | Killed Robin
  3376 | D:3      | Gained mutation: You regenerate magic rapidly. [demonic
                  | ancestry]
  3376 | D:3      | Reached XP level 5. HP: 35/35 MP: 1/9
  3587 | D:3      | Identified the +1 robe of Dim Light {Rampage rCorr Stlth+}
  3845 | D:3      | Found a runed translucent door.
  3846 | D:3      | Noticed Crazy Yiuf
  4193 | D:3      | Killed Crazy Yiuf
  4239 | D:3      | Learned a level 4 spell: Flame Wave
  4376 | D:4      | Found a sand-covered staircase.
  4382 | Ossuary  | Entered an ossuary
  4442 | Ossuary  | Gained mutation: You are partially covered in molten
                  | scales. (AC +2) [demonic ancestry]
  4442 | Ossuary  | Reached XP level 6. HP: 41/41 MP: 6/11
  5115 | D:4      | Found a staircase to the Ecumenical Temple.
  5127 | D:4      | Gained mutation: When hurt, damage is shared between your
                  | health and your magic reserves. [demonic ancestry]
  5127 | D:4      | Reached XP level 7. HP: 42/46 MP: 9/13
  5152 | Temple   | Entered the Ecumenical Temple
  5190 | Temple   | Became a worshipper of Vehumet
  5322 | D:4      | Reached skill level 5 in Fire Magic
  5835 | D:4      | Learned a level 2 spell: Blink
  5883 | D:5      | Entered Level 5 of the Dungeon
  5883 | D:5      | Found a stormy altar of Qazlal.
  5887 | D:5      | Reached skill level 5 in Spellcasting
  6039 | D:5      | Noticed Pikel
  6121 | D:4      | Killed Pikel
  6122 | D:4      | Reached skill level 1 in Fighting
  6122 | D:4      | Gained mutation: You sometimes emit foul miasma when
                  | damaged in melee. [demonic ancestry]
  6122 | D:4      | Reached XP level 8. HP: 26/54 MP: 2/16
  6588 | D:5      | Noticed Edmund
  6597 | D:5      | Killed Edmund
  6895 | D:6      | Gained mutation: You are mostly covered in molten scales.
                  | (AC +3) [demonic ancestry]
  6895 | D:6      | Reached XP level 9. HP: 59/60 MP: 12/18
  6982 | D:6      | Found an ancient bone altar of Kikubaaqudgha.
  7428 | D:6      | Noticed Blork the orc
  7436 | D:6      | Killed Blork the orc
  7437 | D:6      | Reached skill level 5 in Conjurations
  7606 | D:6      | Found a shimmering blue altar of Sif Muna.
  7635 | D:6      | Reached * piety under Vehumet
  7635 | D:6      | Offered knowledge of Sandblast by Vehumet.
  7956 | D:6      | Learned a level 1 spell: Sandblast
  8081 | D:7      | Found a shimmering altar of Xom.
  8206 | D:7      | Found an ornate altar of the Wu Jian Council.
  8402 | D:7      | Found a blossoming altar of Fedhas.
  9016 | D:8      | Gained mutation: When low on magic, you restore magic in
                  | place of health. [demonic ancestry]
  9016 | D:8      | Reached XP level 10. HP: 67/67 MP: 16/22
  9043 | D:8      | Noticed a boulder beetle
  9062 | D:8      | Slain by a boulder beetle

Illustrated notes

Levels and vault maps discovered:
D:1:      elethiomel_arrival_maze, layout_basic,
          shapermc_ecumenical_altar_totnotflames
D:2:      layout_loops_ring, kennysheep_generic_room_9
D:3:      cheibrodos_pilgrimage, layout_loops_ring, uniq_robin,
          uniq_crazy_yiuf_cottage
D:4:      layout_basic, zin_statuary, temple_fountains, enter_ossuary_3
D:5:      layout_rooms, nicolae_qazlal_scattered_showers, uniq_edmund,
          uniq_pikel
D:6:      layout_loops_corners, general_overflow_altar,
          nicolae_overflow_crystal_walls, serial_bayou_pond_b,
          grunt_ministairs_12, grunt_decor_junction,
          chequers_serial_rivers_room_b, uniq_blork_the_orc
D:7:      layout_basic, lemuel_crystal_altar, xom_teletrap_fun, fedhas_altar_3
D:8:      layout_basic, lemuel_round_altar, chequers_serial_rivers_small_a,
          minmay_splitting_lines, minmay_microvault
Temple:   nicolae_temple_ecumenical_triangle

Skill      XL: |  1  2  3  4  5  6  7  8  9 |
---------------+----------------------------+-----
Fire Magic     | 3 4 5 6 8 |  8.1
Dodging        | 2 3 |  3.5
Conjurations   | 2 3 4 6 |  6.0
Spellcasting   | 3 4 5 6 8 |  8.1
Fighting       | 1 |  1.7
Staves         | 2 3 |  3.1
Short Blades   | |  0.2
Stealth        | |  1.7

Action                   |  1- 3 |  4- 6 |  7- 9 | 10-12 || total
-------------------------+-------+-------+-------+-------++-------
Melee: Dagger            |     2 |     6 |       |       ||     8
       Unarmed           |     1 |       |       |       ||     1
       Tailslap          |       |     2 |     8 |     1 ||    11
       Quarterstaff      |       |       |    37 |     2 ||    39
 Cast: Foxfire           |    70 |   147 |   154 |     8 ||   379
       Scorch            |     2 |    14 |    43 |     3 ||    62
       Flame Wave        |       |       |     5 |     1 ||     6
  Use: Scroll            |     7 |       |    13 |       ||    20
 Stab: Confused          |       |       |     1 |       ||     1
Armor: Robe              |    26 |     9 |    38 |     1 ||    74
       Steam dragon scal |       |       |       |     3 ||     3
       Skin              |       |       |       |     2 ||     2
Dodge: Dodged            |    80 |    17 |    77 |    10 ||   184

Table legend: (Time is in decaauts)
 A = Elapsed time spent in this place.
 B = Non-inter-level travel time spent in this place.
 C = Inter-level travel time spent in this place.
 D = Time resting spent in this place.
 E = Time spent auto-exploring this place.
 F = Levels seen in this place.
 G = Mean time per level.
                   A        B        C        D        E       F      G
               +--------+--------+--------+--------+--------+-----+--------+
         Total |   9073 |   8710 |    363 |    832 |   6266 |  10 |  907.3 |
       Dungeon |   8578 |   8224 |    354 |    627 |   6139 |   8 | 1072.2 |
        Temple |     47 |     38 |      9 |      0 |     12 |   1 |   47.0 |
       Ossuary |    446 |    446 |      0 |    205 |    115 |   1 |  446.0 |
               +--------+--------+--------+--------+--------+-----+--------+

Top non-repeatable levels by time:
     D:3: 1682 daAuts
     D:1: 1425 daAuts
     D:4: 1324 daAuts
     D:2: 1169 daAuts
     D:6: 1128 daAuts
     D:7: 1018 daAuts
     D:5: 770 daAuts
 Ossuary: 446 daAuts
     D:8: 58 daAuts
  Temple: 47 daAuts
